 Dungeon Crawl Stone Soup version 0.20.1-1-g8b1a95d (webtiles) character file.

88 Wander the Sneak (level 4, 0/32 HPs)
             Began as a Human Wanderer on Nov 2, 2017.
             Slain by a bat (1 damage)
             ... on level 2 of the Dungeon.
             The game lasted 00:04:27 (1747 turns).

Wander the Sneak (Human Wanderer)                   Turns: 1747, Time: 00:04:28

Health: 0/32       AC:  2    Str: 14    XL:     4   Next: 81%
Magic:  5/5        EV: 11    Int: 12    God:
Gold:   40         SH:  0    Dex: 12    Spells: 4/5 levels left

rFire    . . .     SeeInvis .   a - +2 dagger
rCold    . . .     Gourm    .   (no shield)
rNeg     . . .     Faith    .   e - +0 robe
rPois    .         Spirit   .   (no helmet)
rElec    .         Reflect  .   (no cloak)
rCorr    .         Harm     .   (no gloves)
MR       .....                  (no boots)
Stlth    +++.......             (no amulet)
Regen    0.1/turn               m - ring of flight
MPRegen  0.1/turn               (no ring)

@: no status effects
A: no striking features
a: Evoke Flight


You were on level 2 of the Dungeon.
You were not hungry.

You visited 1 branch of the dungeon, and saw 2 of its levels.

You collected 40 gold pieces.

Inventory:

Hand Weapons
 a - a +2 dagger (weapon)
Armour
 e - a +0 robe (worn)
Jewellery
 m - a ring of flight (left hand)
Scrolls
 b - 2 scrolls of fear
 g - 3 scrolls of identify {unknown}
 k - a scroll of fog {unknown}
 o - a scroll of remove curse {unknown}
Potions
 d - a potion of curing
 j - a potion of heal wounds {unknown}
 l - 2 potions of cancellation {unknown}
 n - a potion of ambrosia {unknown}
 p - a potion of flight {unknown}
Books
 c - the Tome of Arcane Weapons

   Spells                             Type                      Level
   a - Sting                          Conjuration/Poison           1
   b - Dazzling Spray                 Conjuration/Hexes            3
Comestibles
 f - 4 bread rations
 h - a royal jelly
 i - 4 fruits
 q - a meat ration


   Skills:
 - Level 1.0 Fighting
 - Level 1.0 Dodging
 + Level 5.4 Stealth
 - Level 1.0 Unarmed Combat
 - Level 1.0 Spellcasting
   Level 1.0 Air Magic
 - Level 1.0 Poison Magic
 + Level 1.0 Evocations


You had 4 spell levels left.
You knew the following spells:

 Your Spells              Type           Power        Failure   Level  Hunger
a - Sting                 Conj/Pois      #...         24%         1    ##.....


Dungeon Overview and Level Annotations

Branches:
Dungeon (2/15)

Altars:


Message History

* * * LOW HITPOINT WARNING * * *
You barely miss the adder.
The adder is almost dead.
The adder completely misses you. The adder bites you but does no damage.
You hit the adder but do no damage.
The adder is almost dead.
The adder bites you.
* * * LOW HITPOINT WARNING * * *
You closely miss the adder.
The adder is almost dead.
The adder completely misses you.
You closely miss the adder.
The adder is almost dead.
The adder bites you.
* * * LOW HITPOINT WARNING * * *
The adder closely misses you.
You hit the adder.
You kill the adder!
The bat closely misses you. The bat hits you.
You die...

.####...............#
...................#
.......#...........#
#........#.#####...##
........##.# ###..#
...........# ##>########
..........#### #.........#
.##.....#...†#####.........#
....#.....##....@b.........#
....#....#########.........#
...).)##.# #.........#
.))..##### #.........#
.....# ########### ....##
.....# .....# .....#


You could see a bat.

Vanquished Creatures
  3 adders (D:2)
  An ooze (D:1)
  A worm (D:1)
  2 dart slugs
  A ball python (D:2)
  6 bats
  A giant cockroach (D:1)
  8 goblins
  8 hobgoblins
  2 jackals (D:2)
  7 kobolds (D:1)
  4 frilled lizards
  5 rats (D:1)
49 creatures vanquished.

Notes
Turn   | Place    | Note
-------+----------+-------------------------------------------
     0 | D:1      | Wander the Human Wanderer began the quest for the Orb.
     0 | D:1      | Wander set off with: a +2 dagger, a scroll of fear, the Tome of Arcane Weapons, a potion of curing, a +0 robe, a bread ration
     0 | D:1      | Reached XP level 1. HP: 15/15 MP: 2/2
     0 | D:1      | Identified the Tome of Arcane Weapons
     2 | D:1      | Learned a level 1 spell: Sting
    49 | D:1      | Reached XP level 2. HP: 18/21 MP: 3/3
   496 | D:1      | Reached skill level 4 in Stealth
   532 | D:1      | Reached XP level 3. HP: 26/26 MP: 4/4
  1094 | D:2      | Reached XP level 4. HP: 21/32 MP: 5/5
  1313 | D:2      | Reached skill level 5 in Stealth
  1746 | D:2      | HP: 1/32 [adder (2)]
  1747 | D:2      | Slain by a bat

Skill      XL: |  1  2  3  4 |
---------------+-------------+-----
Stealth        | 4 5 |  5.4
Fighting       | |  1.0
Dodging        | |  1.0
Unarmed Combat | |  1.0
Spellcasting   | |  1.0
Air Magic      | |  1.0
Poison Magic   | |  1.0
Evocations     | |  1.0

Action                   |  1- 3 |  4- 6 || total
-------------------------+-------+-------++-------
Melee: Dagger            |    90 |    71 ||   161
  Use: Potion            |       |     2 ||     2
 Stab: Sleeping          |     8 |     2 ||    10
  Eat: Chunk             |     1 |     2 ||     3
Armor: Robe              |     9 |    18 ||    27
Dodge: Dodged            |    47 |    59 ||   106
